[Event "*** Titled Tuesday Blitz"]
[Site "Chess.com"]
[Date "2021.02.16"]
[Round "4"]
[White "frederiksvane"]
[Black "AttilaTurzo"]
[Result "1-0"]
[WhiteElo "2693"]
[BlackElo "2494"]
[TimeControl "180+1"]
[EndTime "10:42:00 PST"]
[Termination "frederiksvane won by resignation"]

1. e4 c5 2. Nf3 Nc6 3. Bb5 g6 4. O-O Bg7 5. c3 Nf6 6. Re1 O-O 7. d4 cxd4 8. cxd4 d5 9. e5 Ne4 10. Bxc6 bxc6 11. Be3 Rb8 12. Qc1 f6 13. exf6 exf6 14. Nc3 Bg4 15. Nd2 Nd6 16. h3 Bd7 17. Bf4 Bc8 18.
Nb3 Rb4 19. Bh6 Rc4 20. Bxg7 Kxg7 21. Qd2 Nf5 22. Ne2 Re8 23. Na5 Rxe2 24. Rxe2 Rxd4 25. Qe1 Bd7 26. Rc1 Qc8 27. Nb3 Rh4 28. Nc5 Kh6 29.
g4 Nd6 30. Nxd7 Qxd7 31. f3 Rxh3 32. Kg2 Rxf3 33. Kxf3 f5 34. Qh4+ Kg7 35. Re7+ 1-0

[Event "*** Titled Tuesday Blitz"]
[Site "Chess.com"]
[Date "2021.02.16"]
[Round "4"]
[White "Korchmar_Vasiliy"]
[Black "shaheus"]
[Result "1-0"]
[WhiteElo "2622"]
[BlackElo "2406"]
[TimeControl "180+1"]
[EndTime "10:42:00 PST"]
[Termination "Korchmar_Vasiliy won on time"]

1. e4 c5 2. Nf3 Nc6 3. d4 cxd4 4.
Nxd4 Nf6 5. Nc3 d6 6. Bg5 e6 7.
Qd3 a6 8. O-O-O Be7 9. f4 Qc7 10. g4 O-O 11. Bh4 Re8 12. g5 Nd7 13. Bg2 Nc5 14.
Qd2 Nxd4 15. Qxd4 b5 16. Bg3 Bb7 17. h4 Rab8 18. h5 b4 19. h6 Bf8 20. Ne2 b3 21. Nc3 bxa2 22. Kd2 e5 23. Qe3 Qb6 24. Ra1 d5 25.
exd5 exf4 26. Qxf4 Rbd8 27. Rhf1 Rd7 28. Rxa2 f6 29. hxg7 Bxg7 30. gxf6 1-0

[Event "*** Titled Tuesday Blitz"]
[Site "Chess.com"]
[Date "2021.02.16"]
[Round "4"]
[White "JoliyRoger"]
[Black "Andrakhanova"]
[Result "0-1"]
[WhiteElo "2419"]
[BlackElo "2269"]
[TimeControl "180+1"]
[EndTime "10:42:00 PST"]
[Termination "Andrakhanova won by resignation"]

1. Nf3 d5 2. c4 e6 3. cxd5 exd5 4.
d4 c6 5. Nc3 Nf6 6. Bg5 Be7 7.
Bxf6 Bxf6 8. e3 O-O 9. Bd3 h6 10. h3 Re8 11. O-O Nd7 12. b4 a6 13. a4 Qe7 14. b5 axb5 15. axb5 Rxa1 16. Qxa1 Nb6 17. Qb1 c5 18. Bf5 c4 19. Bxc8 Rxc8 20. Qf5 g6 21. Qc2 Ra8 22. Rb1 Ra5 23. g3 Kg7 24. Kg2 Qd6 25. h4 h5 26. Ng1 Be7 27. Nh3 Nd7 28. Qd2 b6 29. Nf4 Nf6 30. Qc2 Qd7 31.
Rb2 Ra3 32. Ra2 Rxa2 33. Qxa2 Bb4 34. Nce2 Qxb5 35. Qb2 Qa5 36. Qc2 b5 37. g4 Nxg4 38. Ng3 Nf6 39. e4 Qa4 40. Qe2 dxe4 41. Nxe4 Qa8 42. f3 Nxe4 43. fxe4 Qd8 44. Kg3 Qxd4 45.
Qf3 Bd6 46. Kh3 Qf6 47. Kg3 Qxf4+ 48. Qxf4 Bxf4+ 49. Kxf4 c3 0-1

[Event "*** Titled Tuesday Blitz"]
[Site "Chess.com"]
[Date "2021.02.16"]
[Round "4"]
[White "AlexOstrovskiy"]
[Black "JiiHart"]
[Result "1-0"]
[WhiteElo "2750"]
[BlackElo "2124"]
[TimeControl "180+1"]
[EndTime "10:42:01 PST"]
[Termination "AlexOstrovskiy won on time"]

1. d4 Nf6 2. Bf4 d5 3. e3 Bf5 4. c4 c6 5. Nc3 e6 6. Nf3 Bd6 7. Bg5 Nbd7 8. Qb3 Qc7 9. h3 O-O 10. Rc1 Qb8 11. Be2 Ne4 12. Bh4 Nxc3 13. bxc3 Be4 14. O-O e5 15. cxd5 Bxd5 16. c4 Bxf3 17. Bxf3 exd4 18. exd4 Bf4 19. Rb1 Qd6 20. Qxb7 Rfc8 21.
c5 Qc7 22. Qxc7 Rxc7 23. Rfe1 g5 24. Bg3 Bxg3 25. fxg3 Nf6 26. Re5 h6 27. Rbe1 Kg7 28. Re7 Rac8 29. Kf2 a5 30. Rxc7 Rxc7 31. Re3 Nd5 32.
Bxd5 cxd5 33. Rb3 Ra7 34. Rb6 a4 35. g4 a3 36. Ke2 Re7+ 37. Kd3 Re1 38. Ra6 Rg1 39.
Rxa3 Rxg2 40. Kc3 Rg3+ 41. Kb4 1-0

[Event "*** Titled Tuesday Blitz"]
[Site "Chess.com"]
[Date "2021.02.16"]
[Round "4"]
[White "VFernandezB"]
[Black "BahadirOzen"]
[Result "0-1"]
[WhiteElo "2431"]
[BlackElo "2749"]
[TimeControl "180+1"]
[EndTime "10:42:01 PST"]
[Termination "BahadirOzen won by resignation"]

1. d4 g6 2. Nf3 Bg7 3. c4 d6 4. g3 Nf6 5. Bg2 O-O 6. O-O c6 7. Nc3 Bf5 8. Nh4 Be6 9. b3 d5 10. c5 Qc8 11. Re1 Bh3 12. Bh1 e5 13. dxe5 Nfd7 14. f4 Nxc5 15. Be3 Nbd7 16. Rc1 Qd8 17. b4 Ne6 18. Nf3 f6 19. exf6 Nxf6 20. Ne5 d4 21. Bf2 dxc3 22. Qb3 Kh8 23. Red1 Qe8 24. b5 Rb8 25.
bxc6 bxc6 26. Qc4 c5 27. Bc6 Qe7 28. Bf3 Rbc8 29. Nc6 Qe8 30. Ne5 Nd4 31. Bxd4 cxd4 32. Qxd4 Ng4 33. Qxa7 Nxe5 34. fxe5 Qxe5 35. Rd7 Qc5+ 36.
Qxc5 Rxc5 37. a4 Bxd7 0-1

[Event "*** Titled Tuesday Blitz"]
[Site "Chess.com"]
[Date "2021.02.16"]
[Round "4"]
[White "csati17"]
[Black "KetiGrant"]
[Result "0-1"]
[WhiteElo "2574"]
[BlackElo "2384"]
[TimeControl "180+1"]
[EndTime "10:42:01 PST"]
[Termination "KetiGrant won on time"]

1. c4 e5 2. g3 g6 3. Bg2 Bg7 4. Nc3 Nc6 5. e3 f5 6. Nge2 Nf6 7. O-O d6 8. d4 O-O 9. dxe5 Nxe5 10. Qc2 c6 11.
Rd1 Qe7 12. b3 Be6 13. Ba3 Rad8 14. Rd2 g5 15. Rad1 Ne8 16. f4 Ng4 17. Rd3 Bc8 18.
h3 Nxe3 19. Rxe3 Qxe3+ 20. Kh2 gxf4 21. gxf4 Rf6 22. Bc1 Qf2 23. Rf1 Qh4 24. Ng3 Rg6 25.
Nce2 Nf6 26. Nxf5 Bxf5 27. Qxf5 Ng4+ 28. Kg1 Rf8 29. Qd3 Nh6 30. f5 Nxf5 31. Nf4 Rg3 32. Qe4 Qg5 33. Qe6+ Kh8 34. Kh2 Rxg2+ 35. Nxg2 Qg3+ 36.
Kg1 Bd4+ 37. Be3 Bxe3+ 0-1

[Event "*** Titled Tuesday Blitz"]
[Site "Chess.com"]
[Date "2021.02.16"]
[Round "4"]
[White "Chernov_Alexander_A"]
[Black "Khnykin_Nikolay"]
[Result "1-0"]
[WhiteElo "2295"]
[BlackElo "2074"]
[TimeControl "180+1"]
[EndTime "10:42:01 PST"]
[Termination "Chernov_Alexander_A won on time"]

1. e4 c5 2. Nf3 e6 3. c3 Nc6 4. d4 d5 5. exd5 exd5 6. Bb5 Nf6 7. O-O Be7 8. dxc5 O-O 9. b4 a5 10. Bxc6 bxc6 11. Nd4 Bb7 12. Nd2 Qc7 13. N2b3 Ne4 14. Bd2 a4 15. Nc1 Bh4 16. g3 Bf6 17. Qc2 Rfe8 18.
Nce2 Ba6 19. Rfe1 Bg5 20. Bxg5 Nxg5 21. Nf4 Re4 22. Rxe4 Nxe4 23. f3 Ng5 24. h4 Ne6 25. Nfxe6 fxe6 26. Kg2 Re8 27. Re1 e5 28. Nf5 Qf7 29. Nd6 Qe6 30. Nxe8 Qxe8 31. Qd2 Bb7 32. Qd4 1-0

[Event "*** Titled Tuesday Blitz"]
[Site "Chess.com"]
[Date "2021.02.16"]
[Round "4"]
[White "Violord"]
[Black "ViditYT"]
[Result "0-1"]
[WhiteElo "2703"]
[BlackElo "3014"]
[TimeControl "180+1"]
[EndTime "10:42:02 PST"]
[Termination "ViditYT won by checkmate"]

1. e4 c5 2. Nf3 d6 3. Bb5+ Nd7 4. O-O a6 5. Bxd7+ Bxd7 6. c3 c4 7. b3 b5 8. Na3 Rc8 9. Qe2 Qc7 10. Bb2 e5 11. d4 Nf6 12. bxc4 bxc4 13. Nc2 Be7 14. Ba3 Be6 15. Rfe1 h6 16. h3 Nh5 17. Reb1 Nf4 18.
Qe3 Nd3 19. Nce1 Nf4 20. Rb2 Rb8 21. Rab1 Rxb2 22. Rxb2 f6 23. h4 O-O 24. g3 Nh5 25. d5 Bc8 26. Qb6 Qd7 27. Qc6 Qg4 28. Bxd6 Bxd6 29. Qxd6 Qxe4 30. Rb8 Qg4 31. Qe7 Nf4 32. d6 Ne2+ 33. Kf1 Nxc3 34. Qc7 Qh3+ 35. Kg1 Ne2# 0-1

[Event "*** Titled Tuesday Blitz"]
[Site "Chess.com"]
[Date "2021.02.16"]
[Round "4"]
[White "wnstop"]
[Black "Kiborg95"]
[Result "0-1"]
[WhiteElo "2704"]
[BlackElo "2740"]
[TimeControl "180+1"]
[EndTime "10:42:03 PST"]
[Termination "Kiborg95 won by resignation"]

1. d4 d6 2. e4 Nf6 3. Nc3 Nbd7 4. g4 h6 5. h3 e5 6. Nge2 c6 7. a4 b6 8. Bg2 a6 9. Be3 Bb7 10. O-O Be7 11. Ng3 g6 12. Qd2 h5 13. g5 Nh7 14. h4 f6 15. dxe5 dxe5 16. f4 exf4 17.
Bxf4 fxg5 18. hxg5 Nc5 19. Qe1 O-O 20. Rd1 Qc8 21. b4 Ne6 22. Bh3 Bxb4 23. Kh2 Qe8 24. Bc1 Nhxg5 25. Bg2 Qe7 26. e5 Rxf1 27. Nxf1 Rf8 28.
Qg3 h4 29. Qd3 h3 30. Qxg6+ Qg7 31. Qxg7+ Kxg7 32. Rd7+ Rf7 33. Rxf7+ Kxf7 34. Bxg5 Nxg5 35. Ne4 hxg2 36. Nxg5+ Kg6 37. Kxg2 Kxg5 38. Kf2 Kf5 0-1

[Event "*** Titled Tuesday Blitz"]
[Site "Chess.com"]
[Date "2021.02.16"]
[Round "4"]
[White "Fandorine"]
[Black "PaulfromSPb"]
[Result "1-0"]
[WhiteElo "2852"]
[BlackElo "2603"]
[TimeControl "180+1"]
[EndTime "10:42:04 PST"]
[Termination "Fandorine won by resignation"]

1. c4 e5 2. g3 d6 3. Bg2 f5 4. Nc3 Nf6 5. Nf3 g6 6. O-O Bg7 7. d3 O-O 8. Rb1 a5 9. Bg5 Nbd7 10. a3 h6 11. Bxf6 Nxf6 12. Nd2 g5 13. b4 axb4 14. axb4 Qe7 15. b5 Kh7 16. e3 f4 17. Nde4 Ng4 18. Nd5 Qf7 19. h3 Nf6 20. Ndxf6+ Bxf6 21. b6 Bg7 22. Qf3 Qg6 23. g4 c6 24. Qe2 Rd8 25.
d4 exd4 26. exd4 Bxd4 27. Rfd1 Qg7 28. Qd3 Be5 29. Nxd6+ Kg8 30. c5 Be6 31. Qe4 Ba2 32.
Rbc1 Bxd6 33. cxd6 Rd7 34. Ra1 Ra6 35. Rxa2 Rxa2 36.
Qe8+ Qf8 37. Qxd7 f3 38. Qe6+ 1-0

[Event "*** Titled Tuesday Blitz"]
[Site "Chess.com"]
[Date "2021.02.16"]
[Round "4"]
[White "hypert"]
[Black "Sankalp_Gupta2003"]
[Result "0-1"]
[WhiteElo "2508"]
[BlackElo "2719"]
[TimeControl "180+1"]
[EndTime "10:42:06 PST"]
[Termination "Sankalp_Gupta2003 won by resignation"]

1. e4 c6 2. Nc3 d5 3. Nf3 dxe4 4. Nxe4 Nf6 5. Nxf6+ exf6 6. d4 Bd6 7. Be3 O-O 8. Qd2 b5 9. Be2 Bf5 10. O-O Na6 11.
a4 Nc7 12. axb5 cxb5 13. c3 a6 14. Bf4 Nd5 15. Bxd6 Qxd6 16. Rfe1 Rfe8 17. h3 h6 18. Bf1 Be4 19. Nh2 Nf4 20. Ng4 f5 21. Ne5 Nxh3+ 22. gxh3 Rxe5 23. f3 Re6 24. fxe4 fxe4 25. Bg2 f5 26. b3 Rae8 27. c4 f4 28. d5 Rg6 29. Kh1 e3 30. Qe2 Rg3 31. Rf1 Rf8 32. Rf3 Rg5 33. Raf1 Rf6 34. Qd3 Rfg6 35. Rg1 Qe5 36. d6 Rxd6 37. Qe2 Rd2 38. Qe1 Qb2 39. Qf1 Rf2 40. Qd1 Rfxg2 41. Qd8+ Kh7 42. Qd3+ Rg6 43. Qxg6+ Rxg6 44. Rxg6 Kxg6 45. Rxf4 e2 0-1

[Event "*** Titled Tuesday Blitz"]
[Site "Chess.com"]
[Date "2021.02.16"]
[Round "4"]
[White "bait_or_mate"]
[Black "Genghis_K"]
[Result "0-1"]
[WhiteElo "2558"]
[BlackElo "2901"]
[TimeControl "180+1"]
[EndTime "10:42:06 PST"]
[Termination "Genghis_K won on time"]

1. d4 Nf6 2. c4 e6 3. Nf3 d5 4.
g3 Bb4+ 5. Bd2 Be7 6. Bg2 O-O 7. O-O Nbd7 8. Qc2 Ne4 9. Nc3 Nxd2 10. Nxd2 c6 11.
e4 dxc4 12. Nxc4 Nb6 13. Ne2 Nxc4 14. Qxc4 Bd7 15. Rfd1 Rc8 16. Nc3 Qa5 17. e5 Rfd8 18. Ne4 Be8 19. h4 b6 20. a3 c5 21. dxc5 bxc5 22.
Qc3 Qxc3 23. Nxc3 c4 24. f4 Rb8 25. Rxd8 Bxd8 26. Rd1 Bb6+ 27. Kf1 Be3 28. Ke2 Rxb2+ 29. Kxe3 Rxg2 30. Rd8 Kf8 31. Ne4 Ke7 32. Rc8 Ra2 33.
Rxc4 Rxa3+ 34. Kd4 Ra4 35. Rxa4 Bxa4 36. Kc5 Bd7 37.
Nd6 f6 38. Nc4 fxe5 39. fxe5 h5 40. Na5 Ba4 41. Nc4 Bd1 42. Na5 Bf3 43. Nc4 Kf7 44.
Kd6 Bd5 45. Na5 Kg6 0-1

[Event "*** Titled Tuesday Blitz"]
[Site "Chess.com"]
[Date "2021.02.16"]
[Round "4"]
[White "francyIM"]
[Black "WPWPWP-2015"]
[Result "1-0"]
[WhiteElo "2686"]
[BlackElo "2486"]
[TimeControl "180+1"]
[EndTime "10:42:06 PST"]
[Termination "francyIM won on time"]

1. e4 e5 2. Nf3 Nc6 3. c3 Nf6 4. d4 d6 5. dxe5 Nxe5 6. Nxe5 dxe5 7. Qxd8+ Kxd8 8. f3 Bc5 9. Bc4 Ke7 10. Nd2 Be6 11.
Bxe6 Kxe6 12. b4 Bb6 13. Nc4 Ne8 14. a4 Nd6 15. Nxd6 cxd6 16. a5 Bd8 17. Be3 a6 18.
O-O-O Rc8 19. Kb2 Be7 20. Kb3 f5 21. Rc1 g5 22. exf5+ Kxf5 23. Rcd1 h5 24. c4 Ke6 25.
Rhe1 h4 26. Re2 h3 27. g3 Kf5 28.
f4 gxf4 29. gxf4 Rhg8 30. fxe5 dxe5 31. Rd5 Rg2 32. Rdd2 Rcg8 33. b5 Rxe2 34. Rxe2 Rg2 35. Rxg2 hxg2 36. c5 Ke4 37. Bg1 Kd5 38. c6 bxc6 39.
bxa6 Bc5 40. a7 Bxg1 41. a8=Q Bxh2 42. Qg8+ Ke4 43. Qxg2+ 1-0

[Event "*** Titled Tuesday Blitz"]
[Site "Chess.com"]
[Date "2021.02.16"]
[Round "4"]
[White "m_ezat"]
[Black "AsaHoffmann"]
[Result "0-1"]
[WhiteElo "2474"]
[BlackElo "2352"]
[TimeControl "180+1"]
[EndTime "10:42:06 PST"]
[Termination "AsaHoffmann won by checkmate"]

1. d4 Nf6 2. c4 c5 3. d5 e5 4. Nc3 d6 5. e4 Be7 6. Be2 Nbd7 7. Nf3 Nf8 8. O-O Ng6 9. Ne1 O-O 10. Nd3 a6 11. Rb1 b5 12. b3 b4 13. Na4 Nxe4 14. Qc2 f5 15. f4 Bf6 16. fxe5 Nxe5 17. Nf4 Qe7 18. Nb6 Rb8 19. Nxc8 Rbxc8 20. Ne6 Nc3 21. Nxf8 Nxb1 22. Nxh7 Nc3 23. Nxf6+ Qxf6 24. Bb2 Nf7 25. Bd3 g6 26. Bxc3 bxc3 27. Rc1 Qd4+ 28. Kh1 Re8 29. h3 Ne5 30. Be2 Kf7 31. Qxc3 Qf2 32. Qd2 Ng4 33. Rc2 Ne3 34. Bf3 Qf1+ 35. Kh2 Nxc2 36. Qxc2 Qe1 37. b4 cxb4 38. c5 f4 39. g4 Qg3+ 40. Kh1 Qxf3+ 41. Kg1 Re1+ 42. Kh2 Qg3# 0-1

[Event "*** Titled Tuesday Blitz"]
[Site "Chess.com"]
[Date "2021.02.16"]
[Round "4"]
[White "GelmanAlexander"]
[Black "TC2304"]
[Result "1-0"]
[WhiteElo "2610"]
[BlackElo "2339"]
[TimeControl "180+1"]
[EndTime "10:42:08 PST"]
[Termination "GelmanAlexander won by resignation"]

1. d4 Nf6 2. Nc3 d5 3. Bf4 a6 4. e3 e6 5. g4 c5 6. g5 Ne4 7. Nxe4 dxe4 8. Bg2 cxd4 9. exd4 Qd5 10. Ne2 Nc6 11.
O-O Be7 12. Qd2 O-O 13. Rfd1 Rd8 14. Qe3 e5 15. Bg3 exd4 16. Qxe4 Qxe4 17. Bxe4 Bxg5 18.
c3 d3 19. Rxd3 Rxd3 20. Bxd3 Be6 21. Rd1 Bxa2 22. Be4 Rd8 23. Rxd8+ Nxd8 24. Nd4 Kf8 25. Bc7 b5 26. Nf5 Ne6 27. Bd6+ Ke8 28. Bb7 Bc1 29. b4 Bc4 30. Bxa6 g6 31. Ne3 Bd2 32. Nxc4 bxc4 33.
Bxc4 Bxc3 34. b5 Kd7 35. Bg3 Nd4 36. b6 f5 37. b7 Nc6 38. Bb5 1-0

[Event "*** Titled Tuesday Blitz"]
[Site "Chess.com"]
[Date "2021.02.16"]
[Round "4"]
[White "DenLaz"]
[Black "dropstoneDP"]
[Result "1-0"]
[WhiteElo "2798"]
[BlackElo "2978"]
[TimeControl "180+1"]
[EndTime "10:42:09 PST"]
[Termination "DenLaz won on time"]

1. d4 Nf6 2. c4 g6 3. g3 c6 4.
Nf3 d5 5. b3 Bg7 6. Bg2 O-O 7.
Bb2 Bf5 8. O-O Re8 9. e3 Ne4 10. Nc3 Nxc3 11. Bxc3 Be4 12. Qe2 Nd7 13. Rfd1 e6 14. Bf1 Bxf3 15. Qxf3 Nf6 16. Be1 Ne4 17. Qe2 f5 18. a4 g5 19. a5 a6 20. b4 Nd6 21. b5 cxb5 22. cxb5 axb5 23. Qb2 Qd7 24. Rdb1 e5 25. dxe5 Bxe5 26. Bc3 Bxc3 27. Qxc3 f4 28. exf4 gxf4 29. Qd4 fxg3 30. Qxd5+ Qe6 31. Qxe6+ Rxe6 32. hxg3 Kf7 33. Bxb5 Re5 34. Bd3 h6 35. Rb6 Ke7 36. a6 bxa6 37. Bxa6 Re6 38. Rd1 Nf5 39. Rb7+ Kf6 40.
Bd3 Rd8 41. Rb5 1-0

[Event "*** Titled Tuesday Blitz"]
[Site "Chess.com"]
[Date "2021.02.16"]
[Round "4"]
[White "Rozum_Ivan"]
[Black "FairChess_on_YouTube"]
[Result "1-0"]
[WhiteElo "2765"]
[BlackElo "2928"]
[TimeControl "180+1"]
[EndTime "10:42:09 PST"]
[Termination "Rozum_Ivan won by resignation"]

1. c4 e6 2. Nc3 c5 3. Nf3 a6 4. g3 Nf6 5. Bg2 Be7 6. O-O O-O 7. e4 Nc6 8. d4 cxd4 9. Nxd4 d6 10. b3 Bd7 11.
Bb2 Nxd4 12. Qxd4 Bc6 13. Qd2 Qa5 14. Rad1 Qh5 15. Rfe1 Rac8 16. Nd5 Bxd5 17. exd5 e5 18. f4 Rfe8 19. fxe5 Ng4 20. Bf3 dxe5 21. Qe2 Bc5+ 22. Kh1 f5 23. Bxg4 fxg4 24. d6 Rcd8 25. d7 Re7 26.
Rd5 Rexd7 27. Rxe5 Qg6 28. Rxc5 Rd2 29. Qe5 Qf7 30. Qxg7+ Qxg7 31. Bxg7 Kxg7 32. Rg5+ Kf6 33. Rxg4 Rxa2 34. Rf4+ Kg6 35. Rg4+ Kf6 36. Rf1+ Ke5 37.
Rh4 Rd7 38. Kg1 Rb2 39. Rh5+ Ke4 40. Rf4+ Ke3 41. Re5+ Kd3 42. Rd5+ Rxd5 43. cxd5 Rxb3 44. Rf3+ Kc4 45. Rxb3 b5 46. d6 1-0

[Event "*** Titled Tuesday Blitz"]
[Site "Chess.com"]
[Date "2021.02.16"]
[Round "4"]
[White "digilik"]
[Black "DamianoLew95"]
[Result "0-1"]
[WhiteElo "2247"]
[BlackElo "2595"]
[TimeControl "180+1"]
[EndTime "10:42:09 PST"]
[Termination "DamianoLew95 won on time"]

1. e4 c5 2. Nf3 d6 3. d4 cxd4 4.
Nxd4 Nf6 5. Nc3 Nc6 6. f3 e5 7. Nb3 Be7 8. Be3 a5 9. Bb5 O-O 10. Qd2 Be6 11. O-O-O Na7 12. Bxa7 Rxa7 13. Kb1 b6 14. Nd5 Bxd5 15. exd5 a4 16. Nc1 Ra5 17. Bc6 Nd7 18. Nd3 Nc5 19. Nxc5 bxc5 20. c4 Bf6 21. a3 Qb6 22. Bb5 Rb8 23. Qd3 e4 24. fxe4 Rxb5 25. cxb5 Qa5 26. Rhf1 Be5 27. Rf2 Rxb5 28.
Rdf1 Rb7 29. Qh3 Qa8 30. Qd3 Qb8 31. Qc2 f6 32. Ka1 Rb3 33. Kb1 Rxa3 34. Kc1 Rb3 35. Qd2 Qb5 0-1

[Event "*** Titled Tuesday Blitz"]
[Site "Chess.com"]
[Date "2021.02.16"]
[Round "4"]
[White "Aleksey_Sorokin"]
[Black "gross-aleks"]
[Result "1/2-1/2"]
[WhiteElo "2762"]
[BlackElo "2578"]
[TimeControl "180+1"]
[EndTime "10:42:10 PST"]
[Termination "Game drawn by repetition"]

1. d4 Nf6 2. c4 e6 3. Nf3 b6 4.
a3 Bb7 5. Nc3 Ne4 6. Nxe4 Bxe4 7. Bf4 Bb7 8. e3 Be7 9. Bd3 d6 10. h4 h6 11. Qe2 Nd7 12. O-O-O c5 13. g4 Qc7 14. h5 b5 15. Kb1 bxc4 16. Bxc4 cxd4 17.
exd4 Rb8 18. Rh3 Nb6 19. Bb5+ Kf8 20. g5 Nd5 21. Bd2 Qb6 22. gxh6 gxh6 23. Ne5 Bc8 24. Nxf7 Kxf7 25. Rb3 Ba6 26. Re1 Bxb5 27. Qxe6+ Ke8 28. Ka1 Qxd4 29. Bc3 Qc4 30. Rb4 Qc6 31. Bxh8 Rb7 32. Rbe4 Bd3 33. Rd4 Bc4 34. Bf6 Qb6 35. Rxd5 Qb3 36.
Qg8+ Kd7 37. Rxe7+ Kc6 38. Rxd6+ Kxd6 39. Qd8+ Kc6 40.
Qc8+ Kd6 41. Qd8+ Kc6 42. Qc8+ Kd6 43. Qd8+ 1/2-1/2

[Event "*** Titled Tuesday Blitz"]
[Site "Chess.com"]
[Date "2021.02.16"]
[Round "4"]
[White "Vanina1989"]
[Black "ErikBlomqvist"]
[Result "1/2-1/2"]
[WhiteElo "2729"]
[BlackElo "2529"]
[TimeControl "180+1"]
[EndTime "10:42:10 PST"]
[Termination "Game drawn by repetition"]

1. d4 Nf6 2. c4 e6 3. Nf3 Bb4+ 4. Bd2 a5 5. g3 O-O 6. Bg2 d5 7. O-O Be7 8. Qc2 c6 9. Ne5 Nbd7 10. Bc3 Nxe5 11. dxe5 Nd7 12. cxd5 cxd5 13. e4 d4 14. Bxd4 b5 15. Rd1 Ba6 16. Nc3 Qc7 17. Rac1 Qb8 18.
f4 Rc8 19. Qf2 b4 20. Nb1 Qb7 21. Nd2 Rxc1 22. Rxc1 Rc8 23. Rxc8+ Qxc8 24. Nf3 Nc5 25. Ne1 Nd3 26. Nxd3 Bxd3 27. Qd2 Qc4 28. Be3 Bxe4 29.
Bf1 Qc6 30. Kf2 h5 31. Qd4 Bd5 32. b3 Qc2+ 33. Qd2 Qe4 34. Ke1 h4 35. Qd3 Qf3 36.
Qe2 Qe4 37. Qd3 Qf3 38. Qe2 Qe4 39. Qd3 1/2-1/2

[Event "*** Titled Tuesday Blitz"]
[Site "Chess.com"]
[Date "2021.02.16"]
[Round "4"]
[White "Berardino"]
[Black "ChampStan"]
[Result "0-1"]
[WhiteElo "2582"]
[BlackElo "2270"]
[TimeControl "180+1"]
[EndTime "10:42:10 PST"]
[Termination "ChampStan won by checkmate"]

1. e4 c5 2. Nf3 e6 3. d4 cxd4 4.
Nxd4 a6 5. Nc3 Qc7 6. Be2 Nf6 7. O-O Bb4 8. Qd3 h5 9. f4 Nc6 10. Nxc6 Qxc6 11. Bf3 Qb6+ 12. Kh1 Ng4 13. Qe2 Qd4 14.
h3 Bc5 15. Bxg4 hxg4 16. Qxg4 b5 17. e5 Bb7 18. Nd1 Qc4 19. Ne3 Qe4 20. Qg3 Rh6 21. f5 O-O-O 22. Bd2 Rdh8 23. Kh2 Bd4 24. Ng4 Rh4 25. Rf4 Qd5 26. Be1 Bb6 27. Bf2 Bc7 28. Re1 exf5 29. Rxf5 f6 30. c4 bxc4 31. Kh1 Rxh3+ 32.
Qxh3 Rxh3+ 33. Kg1 Qxg2# 0-1

[Event "*** Titled Tuesday Blitz"]
[Site "Chess.com"]
[Date "2021.02.16"]
[Round "4"]
[White "sbouchet"]
[Black "Sadykov_Ramil"]
[Result "0-1"]
[WhiteElo "2385"]
[BlackElo "2550"]
[TimeControl "180+1"]
[EndTime "10:42:10 PST"]
[Termination "Sadykov_Ramil won by resignation"]

1. e4 c5 2. c3 Nf6 3. e5 Nd5 4. d4 cxd4 5. Nf3 d6 6. Bc4 Nb6 7. Bb3 dxc3 8. Nxc3 e6 9. O-O Nc6 10. Qe2 d5 11. Bg5 Be7 12. h4 h6 13. Bf4 Bxh4 14.
Nxh4 Qxh4 15. g3 Qe7 16. Nb5 O-O 17. Rad1 a6 18. Nd6 f6 19. Rfe1 fxe5 20. Bxe5 Nxe5 21. Qxe5 Qf6 22. Rd2 Qxe5 23. Rxe5 Rf6 24. Rde2 Bd7 25. Nxb7 Rc8 26. Rc2 Rxc2 27. Bxc2 Nc4 28. Re2 Nxb2 29. Nc5 Bc8 30. Bb3 Nc4 31. Bxc4 dxc4 32. Rc2 Rf7 33.
Ne4 Rc7 34. Rc3 e5 35. Kf1 Bf5 36. Nd6 Bd3+ 37. Ke1 Kf8 38. g4 g6 39. f4 exf4 0-1

[Event "*** Titled Tuesday Blitz"]
[Site "Chess.com"]
[Date "2021.02.16"]
[Round "4"]
[White "Kaua18"]
[Black "MaevskiyNikolay"]
[Result "0-1"]
[WhiteElo "2360"]
[BlackElo "2531"]
[TimeControl "180+1"]
[EndTime "10:42:10 PST"]
[Termination "MaevskiyNikolay won on time"]

1. e4 Nc6 2. Nf3 d5 3. exd5 Qxd5 4. Nc3 Qa5 5. d4 Bg4 6. Bb5 O-O-O 7. Bxc6 bxc6 8. h3 Qh5 9. O-O Bxf3 10. Qxf3 Qxf3 11.
gxf3 Rxd4 12. Be3 Rh4 13. Bxa7 Rxh3 14. Kg2 Rh5 15. Ne4 e6 16. a4 Ra5 17. Bd4 Nf6 18. c3 Be7 19. b4 Ra8 20. a5 Nd5 21. Rfb1 f6 22. a6 Nb6 23. Bc5 Re8 24. Rc1 Nd5 25.
Ra4 Nf4+ 26. Kf1 Nd3 27. Rca1 Bxc5 28. Nxc5 Nxc5 29. bxc5 Ra7 30. Ke2 Rd8 31. Rd4 Rd5 32.
Ra5 Kd7 33. Kd3 e5 34. Rxd5+ cxd5 35. c4 Kc6 36. cxd5+ Kxd5 37. Ke3 g5 38. Kd3 c6 39. Ke3 h5 40. Kd3 h4 41. Ke2 Kc4 42. Kf1 Kb4 43. Ra1 Kxc5 44. Kg2 Kb6 45. Kh3 Rxa6 46. Rb1+ Kc7 47.
Kg4 c5 48. Kf5 c4 49. Rc1 Rc6 0-1

[Event "*** Titled Tuesday Blitz"]
[Site "Chess.com"]
[Date "2021.02.16"]
[Round "4"]
[White "Emeraldddd"]
[Black "goofypenguin96"]
[Result "0-1"]
[WhiteElo "2505"]
[BlackElo "2384"]
[TimeControl "180+1"]
[EndTime "10:42:10 PST"]
[Termination "goofypenguin96 won by checkmate"]

1. e4 e6 2. d4 d5 3. Nd2 c5 4. exd5 Qxd5 5. Ngf3 cxd4 6. Bc4 Qd7 7. O-O Nc6 8. Nb3 Nf6 9. Re1 Bb4 10. Bd2 Be7 11.
Bg5 O-O 12. Nbxd4 Nxd4 13. Nxd4 a6 14. c3 b5 15. Bb3 Bb7 16. Qe2 Nd5 17. Bxe7 Qxe7 18.
Qg4 Qf6 19. Rad1 Rfd8 20. Rd3 Nf4 21. Rg3 h5 22. Qg5 Qxg5 23. Rxg5 g6 24. f3 b4 25. Rc5 Nd3 26. Rc7 Nxe1 27. Rxb7 Nd3 28. Nc6 Rd6 29. Nxb4 Nxb4 30. Rxb4 a5 31. Re4 Rd2 32.
h4 Rxb2 33. Rd4 a4 34. Bxa4 Rxa2 35. Bb5 Rb2 36. Bc4 Rc2 37. Rd3 Rc8 38. Bb5 R2xc3 39. Rd7 R8c7 40. Rd8+ Kg7 41. Rb8 Rb3 42. Kh2 Rc5 43. Rd8 Rcxb5 44. Rd7 Rd5 45. Ra7 Rb4 46. g3 Rdd4 47. Kh3 Rd2 48. g4 hxg4+ 49. fxg4 Rd3+ 50. Kg2 Rb2+ 51. Kf1 Rd1# 0-1

[Event "*** Titled Tuesday Blitz"]
[Site "Chess.com"]
[Date "2021.02.16"]
[Round "4"]
[White "Parhamov"]
[Black "chessdjw"]
[Result "0-1"]
[WhiteElo "2898"]
[BlackElo "2722"]
[TimeControl "180+1"]
[EndTime "10:42:11 PST"]
[Termination "chessdjw won by resignation"]

1. c4 c5 2. g3 g6 3. Bg2 Bg7 4. Nc3 Nc6 5. d3 d6 6. Qd2 e6 7. b3 Nge7 8. Bb2 O-O 9. h4 h6 10. Nf3 Nd4 11. O-O Nec6 12. Ne1 Bd7 13. e3 Nf5 14. Ne2 Bxb2 15. Qxb2 e5 16. a3 a5 17. Nc2 Rb8 18. Nc3 g5 19. hxg5 hxg5 20. b4 b6 21. Rad1 Qf6 22. b5 Nce7 23. d4 Be6 24. Ne4 Qh6 25. dxe5 dxe5 26. Qxe5 Qg7 27. Nf6+ Kh8 28. Be4 Ng6 29. Qc3 Bxc4 30. Bxf5 Bxf1 31. Rxf1 Rbd8 32. Kg2 Rd6 33. Rh1+ Nh4+ 34. gxh4 gxh4+ 35.
Kf1 Qxf6 36. Qxf6+ Rxf6 37. Rxh4+ Kg7 38. e4 Rd8 39. Ke2 c4 40. Rh3 Rfd6 41. Rc3 Rd2+ 42. Kf1 R8d3 43. Rxc4 Rf3 44. Ke1 Rfxf2 45. Nd4 Ra2 46.
e5 Rh2 47. Bc2 Rxa3 48. e6 fxe6 49. Nxe6+ Kf6 50. Nd4 Ra1+ 51. Bd1 Rh1+ 52. Ke2 Rhxd1 53. Rc6+ Ke5 54. Nf3+ Kd5 55. Rxb6 Rdb1 56. Rb8 Rb2+ 57. Ke3 Ra3+ 58. Kf4 Rf2 59. Rd8+ Kc5 0-1